 Dungeon Crawl Stone Soup version 0.29.1-12-g30fa7ad0bf (webtiles) character file.

Game seed: 12283199126749730481

246 112233 the Gusty (level 6, 0/36 HPs)
             Began as an Octopode Air Elementalist on Dec 22, 2022.
             Splashed by a jelly's acid (8 damage)
             ... on level 5 of the Dungeon.
             The game lasted 00:01:58 (2444 turns).

112233 the Gusty (Octopode Air Elementalist)        Turns: 2444, Time: 00:01:59

Health: 0/36       AC: -3    Str:  8    XL:     6   Next: 11%
Magic:  5/9        EV: 13    Int: 19    God:
Gold:   49         SH:  0    Dex: 12    Spells: 6/9 levels left

rFire   . . .      SeeInvis .   b - +0 spear
rCold   . . .      Faith    .   (no shield)
rNeg    . . .      Spirit   .   (helmet restricted)
rPois   .          Reflect  .   (no amulet)
rElec   .          Harm     .   (no ring)
rCorr   .          Rampage  .   (no ring)
Will    .....                   (no ring)
Stlth   +++.......              (no ring)
HPRegen 0.12/turn               (no ring)
MPRegen 0.11/turn               (no ring)
                                (no ring)
                                (no ring)

@: corroded, very slightly contaminated
A: almost no armour, amphibious, 8 rings, camouflage 1, gelatinous body 1,
(nimble swimmer 1), tentacles
a: no special abilities


You were on level 5 of the Dungeon.
You visited 1 branch of the dungeon, and saw 5 of its levels.

You collected 49 gold pieces.

Inventory:

Hand Weapons
 b - a +0 spear (weapon)
 d - a +1 hand axe of flaming
Scrolls
 c - 3 scrolls of identify {unknown}
 f - a scroll of brand weapon {unknown}
 g - a scroll of silence {unknown}
Potions
 e - a potion of degeneration {unknown}


   Skills:
 - Level 2.0 Dodging
 - Level 2.6 Stealth
 - Level 2.0 Spellcasting
 - Level 1.0 Conjurations
 + Level 6.6 Air Magic


You had 6 spell levels left.
You knew the following spells:

 Your Spells              Type           Power      Damage    Failure   Level
a - Shock                 Conj/Air       64%        1d7       3%          1
b - Static Discharge      Conj/Air       16%        3-5/arc   5%          2

Your spell library contained the following spells:

 Spells                   Type           Power      Damage    Failure   Level
 Swiftness                Air            27%        N/A       3%          3
 Airstrike                Air            13%        2d(2-18)  11%         4
 Foxfire                  Conj/Fire      12%        2x1d4     14%         1
 Conjure Flame            Conj/Fire      3%         6-21      38%         3
 Inner Flame              Hex/Fire       1%         N/A       45%         3
 Flame Wave               Conj/Fire      3%         2d5       80%         4


Dungeon Overview and Level Annotations

Branches:
Dungeon (5/15)
 Temple: D:4-7

Altars:


Innate Abilities, Weirdness & Mutations

You cannot wear most types of armour.
You are amphibious.
You can wear up to eight rings at the same time.
Your skin changes colour to match your surroundings (Stealth+).
Your rubbery body absorbs attacks. (AC +1, EV +1)
((You are camouflaged when in or above water. (Stealth+)))
You have tentacles for arms and can constrict up to eight enemies at once.


Message History

The jelly is moderately wounded.
You are struck by an arc of lightning.
The jelly is struck by an arc of lightning!
The jelly is heavily wounded.
You are struck by an arc of lightning.
The lightning grounds out.
The jelly closely misses you. The jelly barely misses you.
Unknown command.
Casting: Static Discharge (safe; 5% risk of failure)
Confirm with . or Enter, or press ? or * to list all spells.
You don't have enough magic to cast this spell.
Unknown command.
You aren't carrying any items that you can evoke.
Unknown command.
Okay, then.
Unknown command.
Magic courses through your body. The jelly hits you.
You are splashed with acid!
Unknown command.
Casting: Static Discharge (safe; 5% risk of failure)
Confirm with . or Enter, or press ? or * to list all spells.
The jelly is struck by an arc of lightning.
The jelly is heavily wounded.
You are struck by an arc of lightning.
The jelly is struck by an arc of lightning.
The jelly is severely wounded.
The lightning grounds out.
The jelly closely misses you. The jelly completely misses you.
Unknown command.
Unknown command.
Casting: Static Discharge (safe; 5% risk of failure)
Confirm with . or Enter, or press ? or * to list all spells.
The jelly is struck by an arc of lightning!
The jelly is almost dead.
You are struck by an arc of lightning.
* * * LOW HITPOINT WARNING * * *
The lightning grounds out.
The jelly hits you.
* * * LOW HITPOINT WARNING * * *
You are splashed with acid!
You die...

.# .# ### .#
..#.## #....
#...# #.<.#
#.@J#
#=.........#
######.###.#
.. .. ... ##
.### #. #


You could see a jelly.

Vanquished Creatures
  A black bear (D:4)
  A hound (D:4)
  A jelly (D:4)
  An iguana (D:4)
  2 adders (D:3)
  A shadow imp (D:3)
  2 worms (D:3)
  A dart slug (D:2)
  2 orcs (D:4)
  6 endoplasms
  2 goblins (D:3)
  2 hobgoblins (D:3)
  7 ball pythons
  A bat (D:3)
  A frilled lizard (D:1)
  2 kobolds
  3 rats
36 creatures vanquished.

Notes
Turn   | Place    | Note
-------+----------+-------------------------------------------
     0 | D:1      | 112233 the Octopode Air Elementalist began the quest for
                  | the Orb.
     0 | D:1      | Reached XP level 1. HP: 11/11 MP: 3/3
   260 | D:3      | Reached XP level 2. HP: 16/17 MP: 0/5
   272 | D:3      | Learned a level 2 spell: Static Discharge
   582 | D:3      | Reached skill level 4 in Air Magic
   688 | D:4      | Noticed a necrophage
   698 | D:3      | Reached XP level 3. HP: 21/21 MP: 4/6
   711 | D:3      | HP: 1/21 [poisoned by an adder]
  1705 | D:3      | Reached XP level 4. HP: 19/27 MP: 7/7
  1862 | D:4      | Reached skill level 5 in Air Magic
  1977 | D:4      | Reached XP level 5. HP: 13/31 MP: 0/8
  2234 | D:4      | Identified the +8 ring mail "Cita" {rN+}
  2244 | D:4      | Noticed a black bear
  2252 | D:4      | Killed a black bear
  2253 | D:4      | Reached skill level 6 in Air Magic
  2253 | D:4      | Reached XP level 6. HP: 34/36 MP: 6/9
  2437 | D:5      | Entered Level 5 of the Dungeon
  2444 | D:5      | Splashed by a jelly's acid

Illustrated notes

Levels and vault maps discovered:
D:1:      minmay_arrival_four_houses, layout_rooms, hex_tiny
D:2:      layout_rooms, basic_altar, shapermc_ecumenical_altar_acropolis,
          kennysheep_jessica_study
D:3:      layout_basic
D:4:      layout_basic, chequers_temple_overflow_statue_of_worship,
          lemuel_round_altar
D:5:      layout_loops_ring, grunt_temple_overflow_open, serial_rivers,
          chequers_serial_rivers_room_b, chequers_serial_rivers_room_b,
          chequers_serial_rivers_room_a, chequers_serial_rivers_micro_a,
          chequers_serial_rivers_large_a, chequers_serial_rivers_small_3,
          serial_shops, nicolae_diamond_shop, uniq_ijyb, uniq_duvessa,
          uniq_grinder

Skill      XL: |  1  2  3  4  5 |
---------------+----------------+-----
Air Magic      | 4 5 6 |  6.6
Dodging        | |  2.0
Stealth        | |  2.6
Spellcasting   | |  2.0
Conjurations   | |  1.0

Action                   |  1- 3 |  4- 6 || total
-------------------------+-------+-------++-------
Melee: Unarmed           |     4 |       ||     4
       Tentacles         |     8 |       ||     8
       Constrict         |     6 |     2 ||     8
       Spear             |    23 |     8 ||    31
 Cast: Shock             |    38 |    27 ||    65
       Static Discharge  |     2 |     8 ||    10
  Use: Potion            |       |     3 ||     3
 Stab: Sleeping          |     2 |     1 ||     3
Armor: Skin              |       |     2 ||     2
Dodge: Dodged            |    12 |     9 ||    21
